 Dungeon Crawl Stone Soup version 0.25-a0-566-g062765be81 (webtiles) character file.

Game seed: 7646314707869542805, levelgen mode: deterministic

9366 Flugslaktarn the Cleaver (level 11, -1/100 HPs)
             Began as a Deep Dwarf Fighter on Feb 27, 2020.
             Was a Priest of Makhleb.
             Slain by a wyvern (9 damage)
             ... on level 11 of the Dungeon.
             The game lasted 00:05:51 (6316 turns).

Flugslaktarn the Cleaver (Deep Dwarf Fighter)       Turns: 6316, Time: 00:05:52

Health: -1/100     AC: 16    Str: 22    XL:     11   Next: 22%
Magic:  4/4        EV:  7    Int: 10    God:    Makhleb [***...]
Gold:   470        SH:  0    Dex: 12    Spells: 10/10 levels left

rFire    . . .     SeeInvis .   x - +6 battleaxe
rCold    . . .     Gourm    .   (shield currently unavailable)
rNeg     . . .     Faith    .   f - +0 plate armour
rPois    .         Spirit   .   g - +0 helmet
rElec    .         Reflect  .   (no cloak)
rCorr    .         Harm     .   (no gloves)
MR       +....                  o - +0 pair of boots
Stlth    ..........             A - amulet of rage
HPRegen  0.00/turn              (no ring)
MPRegen  0.09/turn              (no ring)

@: non-regenerating, lightly drained
A: damage resistance, heal wounds, sense surroundings 2, no regeneration
a: Heal Wounds, Minor Destruction, Lesser Servant of Makhleb, Renounce Religion,
Evoke Berserk Rage


You were on level 11 of the Dungeon.
You worshipped Makhleb.
Makhleb was most pleased with you.
You were not hungry.

You visited 2 branches of the dungeon, and saw 12 of its levels.

You collected 470 gold pieces.

Inventory:

Hand Weapons
 a - a +0 war axe
 s - a +4 hand axe
   (You took it off a wight on level 9 of the Dungeon)
 u - a +0 hand axe of freezing
   (You found it on level 7 of the Dungeon)
 x - a +6 battleaxe (weapon)
   (You took it off a wight on level 11 of the Dungeon)
Missiles
 z - 6 throwing nets (quivered)
Armour
 c - a +0 kite shield
 f - a +0 plate armour (worn)
   (You took it off an orc warrior on level 5 of the Dungeon)
 g - a +0 helmet (worn)
   (You found it on level 5 of the Dungeon)
 o - a +0 pair of boots (worn)
   (You found it on level 4 of the Dungeon)
Jewellery
 p - an uncursed ring of flight {unknown}
   (You found it on level 11 of the Dungeon)
 A - an amulet of rage (around neck)
   (You found it on level 9 of the Dungeon)
Wands
 l - a wand of iceblast (18)
   (You found it on level 4 of the Dungeon)
Scrolls
 i - 3 scrolls of enchant armour
 r - 2 scrolls of identify
 t - 4 scrolls of teleportation
 v - a scroll of immolation
 w - 7 scrolls of remove curse
 y - a scroll of silence
Potions
 b - a potion of lignification
 d - a potion of might
 h - 2 potions of haste
 j - a potion of magic
 m - a potion of flight
 n - a potion of resistance
 q - 10 potions of curing
Comestibles
 e - 14 rations
 k - 23 chunks of flesh


   Skills:
 + Level 7.5(7.3) Fighting
 * Level 11.8(11.6) Axes
 + Level 9.0(8.9) Armour
 - Level 8.5(8.4) Shields
 + Level 6.8(6.7) Invocations


You had 10 spell levels left.
You didn't know any spells.
Your spell library was empty.

Dungeon Overview and Level Annotations

Branches:
Dungeon (11/15)            Temple (1/1) D:6            Lair (0/6) D:11
    Orc (0/2) D:10

Altars:
Ashenzari
Cheibriados
Dithmenos
Fedhas
Gozag
Kikubaaqudgha
Makhleb
Nemelex Xobeh
Okawaru
Ru
Sif Muna
Trog
Uskayaw
Wu Jian
Xom
Yredelemnul
Zin
The Shining One
Beogh

Annotations:
D:9 exclusions: 2 goblins and 1 more exclusion


Innate Abilities, Weirdness & Mutations

You are resistant to damage.
You can heal yourself by infusing magical energy.
You passively map the area around you.
You do not regenerate.


Message History

The wyvern barely misses you. The red ugly thing barely misses you.
Your plate armour prevents you from hitting the red ugly thing.
The red ugly thing is severely wounded.
You completely miss the wyvern.
The wyvern bites you but does no damage. x2
The red ugly thing tail-slaps you.
You are engulfed in flames!
* * * LOW HITPOINT WARNING * * *
You are too injured to fight recklessly!
You are too injured to fight recklessly!
You are too injured to fight recklessly!
You are too injured to fight recklessly!
You are too injured to fight recklessly!
You are too injured to fight recklessly!
You completely miss the red ugly thing.
The red ugly thing is severely wounded.
You hit the wyvern. The wyvern misses you. The red ugly thing tail-slaps you.
You are engulfed in flames!!
* * * LOW HITPOINT WARNING * * *
The wyvern bites you!
You die...

########
#......############### *
*
#......#..............*
#......'.......l...... ,
#......#......@u......
#......#.............. ,
#......#.............?+
, ,
###..[...##########...##
...#'###......... *...#
* * * ...#...#......>..,
.... ...#...#.........
,... ,
.......#........!,
,...,, ,,,
....♣..#........., ,,, ,
,


You could see a red ugly thing and a wyvern.

Vanquished Creatures
  Harold (D:10)
  2 two-headed ogres
  A merfolk (D:9)
  Prince Ribbit (D:5)
  5 yaks (D:11)
  A spriggan (shapeshifter) (D:9)
  A shadow (D:11)
  Duvessa (D:4)
  2 porcupines (D:11)
  4 orc warriors
  4 phantoms
  A black bear (D:9)
  3 ice beasts
  A sky beast (D:10)
  11 ogres
  2 centaurs
  3 crocodiles (D:11)
  5 bullfrogs
  A gnoll sergeant (D:9)
  A big kobold (D:11)
  Blork the orc (D:4)
  Dowan (D:4)
  2 scorpions
  21 wights
  3 howler monkeys
  4 crimson imps
  2 hounds (D:11)
  2 quasits
  2 bullfrog zombies
  8 orc priests
  A bullfrog skeleton (D:4)
  3 jellies
  10 orc wizards
  5 iguanas
  5 worker ants
  3 hound zombies
  7 gnolls
  11 adders
  A shadow imp (D:10)
  An adder zombie (D:9)
  An adder skeleton (D:7)
  4 worms
  2 dart slugs
  4 leopard geckos
  40 orcs
  4 giant cockroaches
  8 goblins
  6 hobgoblins
  9 jackals
  4 quokkas
  A ball python (D:7)
  2 bats
  3 frilled lizards
  A jackal skeleton (D:5)
  5 kobolds
  2 quokka skeletons (D:5)
  6 rats
246 creatures vanquished.

Vanquished Creatures (others)
  A fungus (D:11)
  4 plants (D:11)
5 creatures vanquished.

Grand Total: 251 creatures vanquished

Notes
Turn   | Place    | Note
-------+----------+-------------------------------------------
     0 | D:1      | Flugslaktarn the Deep Dwarf Fighter began the quest for the
                  | Orb.
     0 | D:1      | Reached XP level 1. HP: 20/20 MP: 1/1
   139 | D:1      | Reached XP level 2. HP: 21/27 MP: 2/2
   399 | D:2      | Reached skill level 3 in Axes
   399 | D:2      | Reached XP level 3. HP: 34/34 MP: 3/3
   632 | D:5      | Entered Level 5 of the Dungeon
   642 | D:5      | Reached XP level 4. HP: 36/42 MP: 4/4
   680 | D:4      | Found a glowing silver altar of Zin.
   685 | D:4      | Noticed an ogre
   700 | D:4      | Killed an ogre
   700 | D:4      | Reached skill level 4 in Axes
   700 | D:4      | Reached XP level 5. HP: 32/49 MP: 5/5
   752 | D:4      | Found a hide-covered altar of Uskayaw.
   826 | D:4      | Noticed Blork the orc
   838 | D:4      | Killed Blork the orc
   838 | D:4      | Reached XP level 6. HP: 52/56 MP: 6/6
   927 | D:4      | Noticed Duvessa
   927 | D:4      | Noticed Dowan
   937 | D:4      | Killed Duvessa
   937 | D:4      | Reached skill level 5 in Axes
   958 | D:4      | Killed Dowan
  1150 | D:5      | Noticed an ice beast
  1160 | D:5      | Killed an ice beast
  1160 | D:5      | Reached XP level 7. HP: 44/64 MP: 7/7
  1183 | D:5      | Found a blossoming altar of Fedhas.
  1196 | D:5      | Reached skill level 5 in Armour
  1196 | D:5      | Reached skill level 5 in Shields
  1321 | D:5      | Noticed Prince Ribbit
  1347 | D:5      | Reached skill level 6 in Axes
  1603 | D:5      | Found a shadowy altar of Dithmenos.
  1679 | D:5      | Reached XP level 8. HP: 55/73 MP: 6/6
  1751 | D:5      | Reached skill level 7 in Axes
  1916 | D:5      | Found a basalt altar of Yredelemnul.
  1931 | D:5      | Killed Prince Ribbit
  1931 | D:5      | Reached skill level 5 in Fighting
  1977 | D:5      | Found a shimmering blue altar of Sif Muna.
  2021 | D:6      | Found a shadowy altar of Dithmenos.
  2055 | D:6      | Reached skill level 8 in Axes
  2234 | D:6      | Gained mutation: You passively map the area around you.
                  | [Deep Dwarf growth]
  2234 | D:6      | Reached XP level 9. HP: 55/81 MP: 6/6
  2377 | D:6      | Found a staircase to the Ecumenical Temple.
  2386 | Temple   | Entered the Ecumenical Temple
  2436 | Temple   | Became a worshipper of Makhleb the Destroyer
  2805 | D:7      | Reached skill level 1 in Invocations
  2938 | D:7      | HP: 3/82 [ogre/+0 giant club (18)]
  3035 | D:7      | Reached skill level 9 in Axes
  3101 | D:7      | Reached * piety under Makhleb
  3217 | D:7      | Noticed a two-headed ogre
  3238 | D:7      | Killed a two-headed ogre
  3828 | D:8      | Reached XP level 10. HP: 63/92 MP: 2/2
  3855 | D:8      | Found a sacrificial altar of Ru.
  3855 | D:8      | Found a shattered altar of Ashenzari.
  3879 | D:8      | Reached skill level 10 in Axes
  4130 | D:8      | Found an ornate altar of the Wu Jian Council.
  4222 | D:9      | Reached ** piety under Makhleb
  4261 | D:9      | Found an iron altar of Okawaru.
  4553 | D:9      | Noticed a fire crab
  4567 | D:9      | Noticed a harpy
  4567 | D:9      | a fire crab changed into a harpy
  4587 | D:9      | a harpy changed into a spriggan
  4807 | D:9      | Found a bloodstained altar of Trog.
  4828 | D:9      | Reached skill level 5 in Invocations
  5204 | D:10     | Entered Level 10 of the Dungeon
  5347 | D:10     | Got an encrusted scale mail
  5358 | D:10     | Identified the +1 scale mail "Ruat" {*Drain +Fly rElec rN+}
                  | (You found it on level 10 of the Dungeon)
  5828 | D:10     | Noticed Harold
  5866 | D:10     | Killed Harold
  5866 | D:10     | Reached skill level 11 in Axes
  5901 | D:10     | Found a staircase to the Orcish Mines.
  5918 | D:10     | Found a roughly hewn altar of Beogh.
  5946 | D:10     | Reached *** piety under Makhleb
  6173 | D:11     | Reached XP level 11. HP: 74/100 MP: 4/4
  6206 | D:11     | Found a staircase to the Lair.
  6233 | D:11     | Noticed a two-headed ogre
  6240 | D:11     | Killed a two-headed ogre
  6305 | D:11     | Noticed a red ugly thing
  6316 | D:11     | Slain by a wyvern

Levels and vault maps discovered:
D:1:      sevenhm_arrival_forest_fort_large_1, layout_basic
D:2:      layout_basic, first_ration
D:3:      layout_basic, lemuel_doored_altar, chequers_ecumenical_altar_simple,
          minmay_goblin_outpost
D:4:      layout_cave_pools, zin_academy, lemuel_round_altar,
          uniq_blork_the_orc, uniq_duvessa
D:5:      layout_loops_ring, fedhas_altar_1, kennysheep_little_box,
          lemuel_round_altar, tgw_sif, st_stairs_14, uniq_prince_ribbit1
D:6:      layout_loops_cross, minmay_temple_entry_enclosed_plants,
          nicolae_dithmenos_shadow_blocks
D:7:      layout_basic
D:8:      layout_cave_pools, kennysheep_mini_moat,
          gammafunk_temple_overflow_wave
D:9:      layout_irregular_city, kennysheep_okawaru_gauntlet, basic_altar,
          hangedman_fish_farm
D:10:     layout_gridville, minmay_orc_entry_temple_small,
          kennysheep_generic_room_4, uniq_harold
D:11:     layout_gridville, minmay_lair_entry_grove
Temple:   jpeg_temple_clearing

Skill      XL: |  1  2  3  4  5  6  7  8  9 10 11 |
---------------+----------------------------------+-----
Fighting       | 3 4 5 6 7 |  7.5
Axes           | 3 4 5 6 8 9 11 | 11.8
Armour         | 4 5 6 7 8 9 |  9.0
Shields        | 4 5 6 7 8 |  8.5
Invocations    | 3 6 |  6.8

Action                   |  1- 3 |  4- 6 |  7- 9 | 10-12 || total
-------------------------+-------+-------+-------+-------++-------
Melee: War axe           |   133 |    62 |   360 |       ||   555
       Hand axe          |       |       |   135 |   469 ||   604
       Battleaxe         |       |       |       |    57 ||    57
 Abil: Heal Wounds       |     2 |     5 |    31 |    13 ||    51
Evoke: Wand              |       |       |       |     5 ||     5
  Use: Scroll            |       |       |       |    11 ||    11
       Potion            |       |       |       |     2 ||     2
  Eat: Chunk             |       |     1 |    10 |     6 ||    17
       Ration            |       |       |       |     1 ||     1
Armor: Scale mail        |    64 |     2 |       |     2 ||    68
       Chain mail        |       |    22 |    45 |       ||    67
       Plate armour      |       |       |   208 |   264 ||   472
Dodge: Dodged            |    69 |    17 |    98 |   107 ||   291
Block: Kite shield       |    87 |    32 |   258 |   226 ||   603

Table legend:
 A = Non-vault XP
 B = Vault XP
 C = Vault XP percentage of total XP
 D = Non-vault monster count
 E = Vault monster count
 F = Vault count percentage of total count
                 A         B        C        D         E       F
            +---------+---------+-------+---------+---------+-------
      Total |    9169 |    4211 |  31.5 |     207 |      39 |  15.9
            +---------+---------+-------+---------+---------+-------
        D:1 |      16 |       1 |   5.9 |      11 |       1 |   8.3
        D:2 |      49 |       0 |   0.0 |      13 |       0 |   0.0
        D:3 |       2 |      11 |  84.6 |       1 |       6 |  85.7
        D:4 |     217 |     325 |  60.0 |       5 |       3 |  37.5
        D:5 |     993 |     393 |  28.4 |      29 |       3 |   9.4
        D:6 |    1112 |       0 |   0.0 |      29 |       0 |   0.0
        D:7 |    1662 |       0 |   0.0 |      28 |       0 |   0.0
        D:8 |    1329 |       0 |   0.0 |      35 |       0 |   0.0
        D:9 |    1792 |     309 |  14.7 |      33 |       1 |   2.9
       D:10 |     389 |    1272 |  76.6 |       5 |      13 |  72.2
       D:11 |    1608 |    1900 |  54.2 |      18 |      12 |  40.0
            +---------+---------+-------+---------+---------+-------
